cohdb
Replays
Latest Replays
All Replays
Popular Replays
Top Player Replays
Match Explorer
How It Works
Community
CoH3 Stats
Reddit
Sign in to upload your games and track your stats! →
Sign in with Steam
Match 39488021
Unlisted
Match 39488021
Overview
Messages
Build Orders
End
Construct Weapon Support Center
Engineer Squad
Selects Heavy Weapons
M1919 Machine Gun Team
M1919 Machine Gun Team
Mechanized Support Center
M3 Armored Personnel Carrier
Engineer Squad
Selects M2HB .50cal Heavy Machine Gun
Bazooka Squad
Designate Forward Repair Station
M3 Armored Personnel Carrier
Selects Assault Carriers
M3 Assault Carrier
Selects Exchangeable Parts
Bazooka Squad
Engineer Squad
Construct Tank Depot
M1919 Machine Gun Team
.30 cal Machine Gun
M4(105) Sherman Bulldozer
Construct Medical Station
Improvised Armor
Engineer Squad
Bazooka Squad
M1919 Machine Gun Team
Designate Forward Repair Station
M1919 Machine Gun Team
M1919 Machine Gun Team
Improved M9 Bazooka Rockets
wila
LittleFatty233
EF-2000
ORESAMA
NoF^kingXiaoHaoZi
小白
0
0
Comments
sign in to comment!
No comments posted yet!